MLB
CLEVELAND INDIANS @ BALTIMORE ORIOLES
08/01/2044
 
TOP OF THE 1ST
Cleveland Indians batting - Pitching for Baltimore Orioles : RHP Bobby O'Connell
Pitching: RHP Bobby O'Connell
Batting: LHB Fernando Campos 0-0: Swinging Strike
0-1: Ball
1-1: Ball
2-1: Called Strike
2-2: Ball
3-2: Base on Balls
Batting: RHB Drtian Thaqi 0-0: DOUBLE (Groundball, 5L, EV 101.3 MPH)
Fernando Campos to third
Runner from 3rd tries for Home, SAFE, throw by LF to home
Batting: SHB Moe Lester 0-0: Ball
1-0: Ground out U3 (Groundball, 3S, EV 87.5 MPH)
Drtian Thaqi to third
Batting: SHB Merrick Geter 0-0: Fly out, F9 (Flyball, 9D, EV 94.4 MPH)
Runner from 3rd tags up, SCORES, no throw by RF
Batting: LHB Arvin Dungca 0-0: Called Strike
0-1: Swinging Strike
0-2: Ball
1-2: Strikes out swinging
Top of the 1st over - 2 runs, 1 hit, 0 errors, 0 left on base; Cleveland 2 - Baltimore 0
BOTTOM OF THE 1ST
Baltimore Orioles batting - Pitching for Cleveland Indians : RHP Dennis Beals
Pitching: RHP Dennis Beals
Batting: RHB Saimei Kudo 0-0: Ball
1-0: Called Strike
1-1: SINGLE (Groundball, 4MD, EV 105.6 MPH)
Batting: RHB Marc Peckermark 0-0: Called Strike
0-1: Ball
1-1: Foul Ball, location: 2F
1-2: Fly out, F7 (Flyball, 7, EV 86.9 MPH)
Batting: LHB Brad Pepin 0-0: Ball
1-0: Ball
2-0: Ball
3-0: Base on Balls
Saimei Kudo to second
Batting: RHB Kevin Howard 0-0: Ball
1-0: Ball
2-0: Ball
3-0: Called Strike
3-1: Base on Balls
Saimei Kudo to third
Brad Pepin to second
Batting: RHB Alex Rodriguez Jr. 0-0: Called Strike
0-1: Ball
1-1: Swinging Strike
1-2: Ball
2-2: Hit by Pitch
Saimei Kudo scores
Brad Pepin to third
Kevin Howard to second
Batting: LHB Bob Melley 0-0: Ball
1-0: Called Strike
1-1: Called Strike
1-2: Strikes out swinging
Batting: RHB Ruben Garza 0-0: Ball
1-0: Called Strike
1-1: GRAND SLAM HOME RUN (Line Drive, 7D, EV 98.1 MPH), Distance : 361 ft
Batting: RHB Josh Hamilton 0-0: Ball
1-0: Foul Ball, location: 2F
1-1: Called Strike
1-2: Strikes out looking
Bottom of the 1st over - 5 runs, 2 hits, 0 errors, 0 left on base; Cleveland 2 - Baltimore 5
TOP OF THE 2ND
Cleveland Indians batting - Pitching for Baltimore Orioles : RHP Bobby O'Connell
Batting: RHB Ken Howard 0-0: Fly out, F8 (Flyball, 89D, EV 92.5 MPH)
Batting: RHB Miguel Trevino 0-0: Ball
1-0: Foul Ball, location: 2F
1-1: Ball
2-1: Fly out, F8 (Flyball, 8RD, EV 86.3 MPH)
Batting: SHB Dan Hill 0-0: Ground out 4-3 (Groundball, 34, EV 90.0 MPH)
Top of the 2nd over - 0 runs, 0 hits, 0 errors, 0 left on base; Cleveland 2 - Baltimore 5
BOTTOM OF THE 2ND
Baltimore Orioles batting - Pitching for Cleveland Indians : RHP Dennis Beals
Batting: RHB Andres Leon 0-0: Ball
1-0: Ball
2-0: Ball
3-0: Fly out, F7 (Flyball, 7LM, EV 88.8 MPH)
Batting: RHB Saimei Kudo 0-0: Ball
1-0: Foul Ball, location: 2F
1-1: Ball
2-1: Called Strike
2-2: Ball
3-2: Fly out, F6 (Popup, 6MD, EV 48.8 MPH)
Batting: RHB Marc Peckermark 0-0: Called Strike
0-1: Swinging Strike
0-2: Foul Ball, location: 2F
0-2: Ball
1-2: Ball
2-2: SINGLE (Flyball, 89S, EV 91.9 MPH)
Batting: LHB Brad Pepin 0-0: Ball
Marc Peckermark steals 2nd base
1-0: Ball
2-0: Ball
3-0: Base on Balls
Batting: RHB Kevin Howard 0-0: Called Strike
0-1: Ball
1-1: Swinging Strike
1-2: Ball
2-2: 3-RUN HOME RUN (Flyball, 8RXD, EV 110.0 MPH), Distance : 434 ft
Pitching: RHP Alberto Pickett
Batting: RHB Alex Rodriguez Jr. 0-0: Called Strike
0-1: Ball
1-1: Called Strike
1-2: Ball
2-2: Ball
3-2: Strikes out looking
Bottom of the 2nd over - 3 runs, 2 hits, 0 errors, 0 left on base; Cleveland 2 - Baltimore 8
TOP OF THE 3RD
Cleveland Indians batting - Pitching for Baltimore Orioles : RHP Bobby O'Connell
Batting: RHB C.J. Sagle 0-0: Ball
1-0: Called Strike
1-1: Foul Ball, location: 2F
1-2: Ground out 6-3 (Groundball, 6, EV 85.0 MPH)
Batting: LHB Fernando Campos 0-0: Ball
1-0: Called Strike
1-1: Swinging Strike
1-2: SINGLE (Groundball, 34S, EV 69.4 MPH) (infield hit)
Batting: RHB Drtian Thaqi 0-0: Called Strike
0-1: Ball
1-1: Swinging Strike
1-2: Ball
2-2: Strikes out swinging
Batting: SHB Moe Lester 0-0: Ball
1-0: Called Strike
1-1: Foul Ball, location: 2F
1-2: Strikes out looking
Top of the 3rd over - 0 runs, 1 hit, 0 errors, 1 left on base; Cleveland 2 - Baltimore 8
BOTTOM OF THE 3RD
Baltimore Orioles batting - Pitching for Cleveland Indians : RHP Alberto Pickett
Batting: LHB Bob Melley 0-0: Ball
1-0: Ground out 4-3 (Groundball, 34, EV 90.6 MPH)
Batting: RHB Ruben Garza 0-0: Ball
1-0: Foul Ball, location: 2F
1-1: Foul Ball, location: 2F
1-2: Foul Ball, location: 2F
1-2: Ball
2-2: Ball
3-2: Base on Balls
Batting: RHB Josh Hamilton 0-0: Called Strike
0-1: Foul Ball, location: 2F
0-2: Ball
1-2: Strikes out swinging
Batting: RHB Andres Leon 0-0: Ball
1-0: Ball
2-0: Ball
3-0: Called Strike
3-1: Called Strike
3-2: Fly out, F6 (Popup, 6M, EV 65.6 MPH)
Bottom of the 3rd over - 0 runs, 0 hits, 0 errors, 1 left on base; Cleveland 2 - Baltimore 8
TOP OF THE 4TH
Cleveland Indians batting - Pitching for Baltimore Orioles : RHP Bobby O'Connell
Batting: SHB Merrick Geter 0-0: Called Strike
0-1: Ground out 5-3 (Groundball, 56S, EV 65.6 MPH)
Batting: LHB Arvin Dungca 0-0: Ball
1-0: Swinging Strike
1-1: Ball
2-1: Ball
3-1: Called Strike
3-2: Base on Balls
Batting: RHB Ken Howard 0-0: Called Strike
0-1: Called Strike
0-2: Ball
1-2: Grounds into double play, 6-4-3 (Groundball, 6, EV 101.3 MPH)
Top of the 4th over - 0 runs, 0 hits, 0 errors, 0 left on base; Cleveland 2 - Baltimore 8
BOTTOM OF THE 4TH
Baltimore Orioles batting - Pitching for Cleveland Indians : RHP Alberto Pickett
Batting: RHB Saimei Kudo 0-0: Ball
1-0: Ball
2-0: Ball
3-0: Base on Balls
Batting: RHB Marc Peckermark 0-0: Fly out, F8 (Flyball, 8RM, EV 93.8 MPH)
Batting: LHB Brad Pepin 0-0: Ball
1-0: SINGLE (Groundball, 23, EV 62.5 MPH) (infield hit)
Saimei Kudo to second
Batting: RHB Kevin Howard 0-0: Foul Ball, location: 2F
0-1: Swinging Strike
0-2: Ball
1-2: Ball
2-2: Ball
3-2: Fly out, F3 (Popup, 23F, EV 81.3 MPH)
Batting: RHB Alex Rodriguez Jr. 0-0: Ball
1-0: Ball
2-0: Fly out, F8 (Flyball, 8LS, EV 96.9 MPH)
Bottom of the 4th over - 0 runs, 1 hit, 0 errors, 2 left on base; Cleveland 2 - Baltimore 8
TOP OF THE 5TH
Cleveland Indians batting - Pitching for Baltimore Orioles : RHP Bobby O'Connell
Batting: RHB Miguel Trevino 0-0: Ball
1-0: Ground out 6-3 (Groundball, 6, EV 90.6 MPH)
Batting: SHB Dan Hill 0-0: Called Strike
0-1: Swinging Strike
0-2: Foul Ball, location: 2F
0-2: Ball
1-2: Strikes out looking
Batting: RHB C.J. Sagle 0-0: Ball
1-0: Ball
2-0: Called Strike
2-1: Swinging Strike
2-2: Foul Ball, location: 2F
2-2: Fly out, F8 (Flyball, 89D, EV 88.1 MPH)
Top of the 5th over - 0 runs, 0 hits, 0 errors, 0 left on base; Cleveland 2 - Baltimore 8
BOTTOM OF THE 5TH
Baltimore Orioles batting - Pitching for Cleveland Indians : RHP Alberto Pickett
Batting: LHB Bob Melley 0-0: Foul Ball, location: 2F
0-1: Ground out U3 (Groundball, 34, EV 101.3 MPH)
Batting: RHB Ruben Garza 0-0: Called Strike
0-1: Ground out 6-3 (Groundball, 6, EV 87.5 MPH)
Batting: RHB Josh Hamilton 0-0: Ball
1-0: Ball
2-0: Ball
3-0: Called Strike
3-1: Foul Ball, location: 2F
3-2: Strikes out swinging
Bottom of the 5th over - 0 runs, 0 hits, 0 errors, 0 left on base; Cleveland 2 - Baltimore 8
TOP OF THE 6TH
Cleveland Indians batting - Pitching for Baltimore Orioles : RHP Bobby O'Connell
Batting: LHB Fernando Campos 0-0: Ball
1-0: Fly out, F8 (Line Drive, 8RD, EV 88.1 MPH)
Batting: RHB Drtian Thaqi 0-0: Foul Ball, location: 2F
0-1: Swinging Strike
0-2: Ground out 4-3 (Groundball, 4, EV 103.8 MPH)
Batting: SHB Moe Lester 0-0: Ball
1-0: Ground out 4-3 (Groundball, 4, EV 83.8 MPH)
Top of the 6th over - 0 runs, 0 hits, 0 errors, 0 left on base; Cleveland 2 - Baltimore 8
BOTTOM OF THE 6TH
Baltimore Orioles batting - Pitching for Cleveland Indians : RHP Alberto Pickett
Pitching: RHP Bob Lattin
Batting: RHB Andres Leon 0-0: Ball
1-0: Foul Ball, location: 2F
1-1: SINGLE (Groundball, 15S, EV 66.9 MPH) (infield hit)
Batting: RHB Saimei Kudo 0-0: Ball
1-0: Foul Ball, location: 2F
1-1: Foul Ball, location: 2F
1-2: Fly out, F3 (Popup, 3S, EV 80.6 MPH)
Batting: RHB Marc Peckermark 0-0: Called Strike
0-1: Ball
1-1: Ball
2-1: Called Strike
Andres Leon steals 2nd base
2-2: DOUBLE (Line Drive, 89D, EV 104.4 MPH)
Andres Leon scores
Batting: LHB Brad Pepin 0-0: Ball
1-0: Ball
2-0: Ball
3-0: Base on Balls
Batting: RHB Kevin Howard 0-0: Ball
1-0: Foul Ball, location: 2F
1-1: Grounds into double play, 6-4-3 (Groundball, 6, EV 100.6 MPH)
Bottom of the 6th over - 1 run, 2 hits, 0 errors, 1 left on base; Cleveland 2 - Baltimore 9
TOP OF THE 7TH
Cleveland Indians batting - Pitching for Baltimore Orioles : RHP Bobby O'Connell
Batting: SHB Merrick Geter 0-0: Ball
1-0: Ball
2-0: Ground out 5-3 (Groundball, 56S, EV 86.9 MPH)
Batting: LHB Arvin Dungca 0-0: Ball
1-0: Called Strike
1-1: Ground out 6-3 (Groundball, 4M, EV 76.9 MPH)
Batting: RHB Ken Howard 0-0: Called Strike
0-1: Called Strike
0-2: Ball
1-2: Ground out 6-3 (Groundball, 6, EV 85.6 MPH)
Top of the 7th over - 0 runs, 0 hits, 0 errors, 0 left on base; Cleveland 2 - Baltimore 9
BOTTOM OF THE 7TH
Baltimore Orioles batting - Pitching for Cleveland Indians : RHP Bob Lattin
Batting: RHB Alex Rodriguez Jr. 0-0: DOUBLE (Line Drive, 9LS, EV 109.4 MPH)
Batting: LHB Bob Melley 0-0: Ball
1-0: Foul Ball, location: 2F
1-1: Ball
2-1: SINGLE (Line Drive, 8LS, EV 99.4 MPH)
Alex Rodriguez Jr. to third
Batting: RHB Ruben Garza 0-0: Ball
1-0: Ball
2-0: Ball
3-0: Swinging Strike
3-1: Fly out, F8 (Flyball, 89M, EV 89.4 MPH)
Batting: RHB Josh Hamilton 0-0: Grounds into double play, 6-4-3 (Groundball, 6M, EV 101.9 MPH)
Bottom of the 7th over - 0 runs, 2 hits, 0 errors, 1 left on base; Cleveland 2 - Baltimore 9
TOP OF THE 8TH
Cleveland Indians batting - Pitching for Baltimore Orioles : RHP Bobby O'Connell
Batting: RHB Miguel Trevino 0-0: Ball
1-0: Ball
2-0: Fly out, F8 (Line Drive, 8RD, EV 103.1 MPH)
Batting: SHB Dan Hill 0-0: Ball
1-0: Ball
2-0: Swinging Strike
2-1: Ground out 4-3 (Groundball, 4D, EV 105.0 MPH)
Batting: RHB C.J. Sagle 0-0: Ball
1-0: Ball
2-0: Called Strike
2-1: Foul Ball, location: 2F
2-2: Ground out U3 (Groundball, 3S, EV 71.9 MPH)
Top of the 8th over - 0 runs, 0 hits, 0 errors, 0 left on base; Cleveland 2 - Baltimore 9
BOTTOM OF THE 8TH
Baltimore Orioles batting - Pitching for Cleveland Indians : RHP Bob Lattin
Batting: RHB Andres Leon 0-0: Foul Ball, location: 2F
0-1: Called Strike
0-2: Fly out, F4 (Popup, 3S, EV 76.3 MPH)
Batting: RHB Saimei Kudo 0-0: Ground out 5-3 (Groundball, 56, EV 103.1 MPH)
Batting: RHB Marc Peckermark 0-0: Called Strike
0-1: Ball
1-1: Called Strike
1-2: SINGLE (Line Drive, 78S, EV 109.4 MPH)
Batting: LHB Brad Pepin 0-0: Ball
1-0: Called Strike
1-1: Fly out, F7 (Flyball, 7D, EV 91.3 MPH)
Bottom of the 8th over - 0 runs, 1 hit, 0 errors, 1 left on base; Cleveland 2 - Baltimore 9
TOP OF THE 9TH
Cleveland Indians batting - Pitching for Baltimore Orioles : RHP Bobby O'Connell
Batting: LHB Fernando Campos 0-0: Called Strike
0-1: Ground out 4-3 (Groundball, 4, EV 81.3 MPH)
Batting: RHB Drtian Thaqi 0-0: Ball
1-0: Ball
2-0: Ball
3-0: Fly out, F9 (Line Drive, 9, EV 102.5 MPH)
Batting: SHB Moe Lester 0-0: Ball
1-0: Ball
2-0: Ground out 4-3 (Groundball, 4, EV 79.4 MPH)
Top of the 9th over - 0 runs, 0 hits, 0 errors, 0 left on base; Cleveland 2 - Baltimore 9
Thursday, March 31st , 2022 - OOTP Baseball 22.12 Build 89